 Dungeon Crawl Stone Soup version 0.30-a0-528-g8c47a4955b (webtiles) character file.

Game seed: 9000237301951320314

123 NinjaNoafa the Covert (level 5, 0/47 HPs)
             Began as a Gnoll Delver on Dec 23, 2022.
             Slain by a gnoll
             ... wielding a +0 flail
             ... led by a gnoll bouda
              (10 damage)
             ... on level 4 of the Dungeon.
             The game lasted 00:01:36 (204 turns).

NinjaNoafa the Covert (Gnoll Delver)                 Turns: 204, Time: 00:01:37

Health: 0/47       AC:  3    Str: 11    XL:     5   Next: 7%
Magic:  7/7        EV: 13    Int: 10    God:
Gold:   26         SH:  0    Dex: 15    Spells: 6/6 levels left

rFire   . . .      SeeInvis .    a - +0 short sword
rCold   . . .      Faith    .    (no shield)
rNeg    . . .      Spirit   .    b - +0 leather armour
rPois   .          Reflect  .    (no helmet)
rElec   .          Harm     .    (no cloak)
rCorr   .          Rampage  .    (no gloves)
Will    .....                    (no boots)
Stlth   ++++                     (no amulet)
HPRegen 0.27/turn                (no ring)
MPRegen 0.10/turn                (no ring)

@: no status effects
A: fangs 1, strong nose, distributed training
a: no special abilities


You were on level 4 of the Dungeon.
You visited 1 branch of the dungeon, and saw 2 of its levels.

You collected 26 gold pieces.

Inventory:

Hand Weapons
 a - a +0 short sword (weapon)
Armour
 b - a +0 leather armour (worn)
Wands
 g - a wand of digging (3)
Scrolls
 c - a scroll of fog
 d - a scroll of magic mapping
Potions
 f - a potion of haste
 h - a potion of degeneration {unknown}


   Skills:
 + Level 6.6 Fighting
 + Level 4.7 Short Blades
 + Level 1.4 Long Blades
 + Level 1.4 Axes
 + Level 1.4 Maces & Flails
 + Level 1.4 Polearms
 + Level 1.4 Staves
 + Level 1.4 Ranged Weapons
 + Level 1.4 Throwing
 + Level 1.4 Armour
 + Level 4.7 Dodging
 + Level 9.6 Stealth
 + Level 1.4 Shields
 + Level 1.4 Unarmed Combat
 + Level 1.4 Spellcasting
 + Level 1.1 Conjurations
 + Level 1.1 Hexes
 + Level 1.1 Summonings
 + Level 1.1 Necromancy
 + Level 1.1 Translocations
 + Level 1.1 Transmutations
 + Level 1.1 Fire Magic
 + Level 1.1 Ice Magic
 + Level 1.1 Air Magic
 + Level 1.1 Earth Magic
 + Level 1.1 Poison Magic
 + Level 1.5 Invocations
 + Level 1.4 Evocations


You had 6 spell levels left.
You didn't know any spells.
Your spell library was empty.

Dungeon Overview and Level Annotations

Branches:
Dungeon (5/15)
 Temple: D:4-7

Altars:

Shops:
D:4 =


Innate Abilities, Weirdness & Mutations

You have very sharp teeth.
Your uncanny sense of smell can sniff out nearby items.
Your experience applies equally to all skills.


Message History

You continue putting on your +0 leather armour. x5
You finish putting on your +0 leather armour.
You drop a +0 robe.
A gnoll is nearby!
The gnoll throws a stone.
The stone hits you but does no damage.
There is a stone staircase leading down here.
You barely miss the gnoll. The gnoll hits you with a +0 flail!
You barely miss the gnoll. The gnoll misses you.
You hit the gnoll.
The gnoll is lightly wounded.
You hit the gnoll. You bite the gnoll.
The gnoll is moderately wounded.
The gnoll hits you with a +0 flail!
* * * LOW HITPOINT WARNING * * *
You closely miss the gnoll.
The gnoll is moderately wounded.
The gnoll closely misses you.
You hit the gnoll.
The gnoll is heavily wounded.
The gnoll barely misses you.
You hit the gnoll.
The gnoll is severely wounded.
The gnoll barely misses you.
You closely miss the gnoll.
The gnoll is severely wounded.
You hit the gnoll but do no damage.
The gnoll is severely wounded.
The gnoll barely misses you.
You hit the gnoll. Your bite misses the gnoll.
The gnoll is almost dead.
The gnoll barely misses you.
You hit the gnoll. You punch the gnoll, but do no damage.
The gnoll is almost dead.
The gnoll misses you.
You closely miss the gnoll.
The gnoll is almost dead.
You closely miss the gnoll.
The gnoll is almost dead.
The gnoll hits you with a +0 flail!
You die...

##### #....
#.....
#.....######
#..........#
#.....†.)[# ####
#.........##....+
#.............#
#........@....#
#........g##..#
#.........# ..#
#.........# .#
#.........+ #
.....∩..#
######+#. ∆ .


You could see a gnoll.

Vanquished Creatures
  Edmund (D:5)
  2 dart slugs (D:5)
  A ball python (D:4)
  An endoplasm (D:4)
  A goblin (D:4)
6 creatures vanquished.

Notes
Turn   | Place    | Note
-------+----------+-------------------------------------------
     0 | D:5      | Reached skill level 9 in Stealth
     0 | D:5      | NinjaNoafa the Gnoll Delver began the quest for the Orb.
     0 | D:5      | Reached XP level 1. HP: 23/23 MP: 1/1
     4 | D:5      | Noticed a phantom
    45 | D:5      | Noticed Edmund
    56 | D:5      | Killed Edmund
    57 | D:5      | Reached skill level 1 in Long Blades
    57 | D:5      | Reached skill level 1 in Axes
    57 | D:5      | Reached skill level 1 in Maces & Flails
    57 | D:5      | Reached skill level 1 in Polearms
    57 | D:5      | Reached skill level 1 in Staves
    57 | D:5      | Reached skill level 1 in Ranged Weapons
    57 | D:5      | Reached skill level 1 in Throwing
    57 | D:5      | Reached skill level 1 in Armour
    57 | D:5      | Reached skill level 1 in Shields
    57 | D:5      | Reached skill level 1 in Unarmed Combat
    57 | D:5      | Reached skill level 1 in Spellcasting
    57 | D:5      | Reached skill level 1 in Conjurations
    57 | D:5      | Reached skill level 1 in Hexes
    57 | D:5      | Reached skill level 1 in Summonings
    57 | D:5      | Reached skill level 1 in Necromancy
    57 | D:5      | Reached skill level 1 in Translocations
    57 | D:5      | Reached skill level 1 in Transmutations
    57 | D:5      | Reached skill level 1 in Fire Magic
    57 | D:5      | Reached skill level 1 in Ice Magic
    57 | D:5      | Reached skill level 1 in Air Magic
    57 | D:5      | Reached skill level 1 in Earth Magic
    57 | D:5      | Reached skill level 1 in Poison Magic
    57 | D:5      | Reached skill level 1 in Invocations
    57 | D:5      | Reached skill level 1 in Evocations
    57 | D:5      | Reached XP level 2. HP: 18/29 MP: 2/4
    57 | D:5      | Reached XP level 3. HP: 22/35 MP: 2/5
    57 | D:5      | Reached XP level 4. HP: 26/41 MP: 2/6
   129 | D:5      | Reached XP level 5. HP: 47/47 MP: 7/7
   147 | D:4      | Found Zilepong's Jewellery Shop.
   204 | D:4      | Slain by a gnoll

Illustrated notes

Levels and vault maps discovered:
D:4:      layout_basic, worldfamousw_hep_ancestral_shrine, serial_shops, shop,
          uniq_crazy_yiuf_cottage
D:5:      layout_basic, temple_hall, uniq_edmund

Skill      XL: |  1 |
---------------+----+-----
Stealth        | |  9.6
Long Blades    | 1 |  1.4
Axes           | 1 |  1.4
Maces & Flails | 1 |  1.4
Polearms       | 1 |  1.4
Staves         | 1 |  1.4
Ranged Weapons | 1 |  1.4
Throwing       | 1 |  1.4
Armour         | 1 |  1.4
Shields        | 1 |  1.4
Unarmed Combat | 1 |  1.4
Spellcasting   | 1 |  1.4
Conjurations   | 1 |  1.1
Hexes          | 1 |  1.1
Summonings     | 1 |  1.1
Necromancy     | 1 |  1.1
Translocations | 1 |  1.1
Transmutations | 1 |  1.1
Fire Magic     | 1 |  1.1
Ice Magic      | 1 |  1.1
Air Magic      | 1 |  1.1
Earth Magic    | 1 |  1.1
Poison Magic   | 1 |  1.1
Invocations    | 1 |  1.5
Evocations     | 1 |  1.4
Fighting       | |  6.6
Short Blades   | |  4.7
Dodging        | |  4.7

Action                   |  1- 3 |  4- 6 || total
-------------------------+-------+-------++-------
Melee: Short sword       |     5 |    26 ||    31
       Bite              |     1 |     3 ||     4
       Punch             |       |     1 ||     1
  Use: Scroll            |       |     1 ||     1
 Stab: Sleeping          |     1 |     1 ||     2
Armor: Leather armour    |       |     1 ||     1
Dodge: Dodged            |     1 |    15 ||    16

Table legend: (Time is in decaauts)
 A = Elapsed time spent in this place.
 B = Non-inter-level travel time spent in this place.
 C = Inter-level travel time spent in this place.
 D = Time resting spent in this place.
 E = Time spent auto-exploring this place.
 F = Levels seen in this place.
 G = Mean time per level.
                   A        B        C        D        E       F      G
               +--------+--------+--------+--------+--------+-----+--------+
         Total |    196 |    196 |      0 |      0 |     95 |   2 |   98.0 |
       Dungeon |    196 |    196 |      0 |      0 |     95 |   2 |   98.0 |
               +--------+--------+--------+--------+--------+-----+--------+

Top non-repeatable levels by time:
     D:5: 144 daAuts
     D:4: 52 daAuts
